| TOP OF THE 1ST |
|
Auburn Doubledays batting - Pitching for Rome Braves : LHP Alejandro Rivera
|
|
Pitching: LHP Alejandro Rivera
|
|
|
Batting: RHB Charlie Iacovone
|
0-0: Foul Ball, location: 2F 0-1: SINGLE (Line Drive, 78S, EV 107.5 MPH)
|
|
Batting: SHB Fernando Fundora
|
0-0: Ball 1-0: Called Strike 1-1: Foul Ball, location: 2F 1-2: Strikes out swinging
|
|
Batting: RHB Kenny Ball
|
0-0: Ball Charlie Iacovone is caught stealing 2nd base 2-4 1-0: Ball 2-0: Called Strike 2-1: Foul Ball, location: 2F 2-2: Ball 3-2: Foul Ball, location: 2F 3-2: Strikes out swinging
|
| Top of the 1st over - 0 runs, 1 hit, 0 errors, 0 left on base; Auburn 0 - Rome 0 |
| BOTTOM OF THE 1ST |
|
Rome Braves batting - Pitching for Auburn Doubledays : RHP Preston Larson
|
|
Pitching: RHP Preston Larson
|
|
|
Batting: RHB Gebre-Giorgios Wangondu
|
0-0: Ball 1-0: Ball 2-0: Called Strike 2-1: Foul Ball, location: 2F 2-2: Strikes out looking
|
|
Batting: LHB Mitsujiro Tanaka
|
0-0: SOLO HOME RUN (Flyball, 9D, EV 95.6 MPH), Distance : 362 ft
|
|
Batting: RHB Rafael Reyes
|
0-0: Foul Ball, location: 2F 0-1: Ball 1-1: Called Strike 1-2: Ball 2-2: Strikes out swinging
|
|
Batting: RHB Dave Pizarro
|
0-0: Ball 1-0: Foul Ball, location: 2F 1-1: Ball 2-1: Foul Ball, location: 2F 2-2: Strikes out looking
|
| Bottom of the 1st over - 1 run, 1 hit, 0 errors, 0 left on base; Auburn 0 - Rome 1 |
| TOP OF THE 2ND |
|
Auburn Doubledays batting - Pitching for Rome Braves : LHP Alejandro Rivera
|
|
Batting: RHB Luis Vargas
|
0-0: Ball 1-0: Called Strike 1-1: Foul Ball, location: 2F 1-2: Strikes out swinging
|
|
Batting: RHB Billy Williamson
|
0-0: Called Strike 0-1: Fly out, F4 (Popup, 3DF, EV 61.9 MPH)
|
|
Batting: RHB Joe Simmelink
|
0-0: Called Strike 0-1: Ball 1-1: Ball 2-1: Foul Ball, location: 2F 2-2: Ground out 6-3 (Groundball, 6, EV 86.9 MPH)
|
| Top of the 2nd over - 0 runs, 0 hits, 0 errors, 0 left on base; Auburn 0 - Rome 1 |
| BOTTOM OF THE 2ND |
|
Rome Braves batting - Pitching for Auburn Doubledays : RHP Preston Larson
|
|
Batting: RHB Armando Vazquez
|
0-0: Called Strike 0-1: Ball 1-1: Swinging Strike 1-2: Strikes out swinging
|
|
Batting: RHB Tony Cabrera
|
0-0: Foul Ball, location: 2F 0-1: Called Strike 0-2: Strikes out swinging
|
|
Batting: RHB Manny Hensley
|
0-0: DOUBLE (Line Drive, 7LM, EV 92.5 MPH)
|
|
Batting: LHB Ivan Castillo
|
0-0: Fly out, F7 (Flyball, 7, EV 96.2 MPH)
|
| Bottom of the 2nd over - 0 runs, 1 hit, 0 errors, 1 left on base; Auburn 0 - Rome 1 |
| TOP OF THE 3RD |
|
Auburn Doubledays batting - Pitching for Rome Braves : LHP Alejandro Rivera
|
|
Batting: RHB Alex Martinez
|
0-0: Ground out 1-3 (Groundball, 34S, EV 74.4 MPH)
|
|
Batting: RHB Qian Tai
|
0-0: Ball 1-0: Foul Ball, location: 2F 1-1: Swinging Strike 1-2: Strikes out swinging
|
|
Batting: LHB Tony Olvera
|
0-0: Ball 1-0: Foul Ball, location: 2F 1-1: Ball 2-1: Ball 3-1: Ground out 6-3 (Groundball, 6, EV 86.2 MPH)
|
| Top of the 3rd over - 0 runs, 0 hits, 0 errors, 0 left on base; Auburn 0 - Rome 1 |
| BOTTOM OF THE 3RD |
|
Rome Braves batting - Pitching for Auburn Doubledays : RHP Preston Larson
|
|
Batting: LHB Diego Garcia
|
0-0: Fly out, F7 (Flyball, 7LD, EV 104.4 MPH)
|
|
Batting: RHB Gebre-Giorgios Wangondu
|
0-0: Called Strike 0-1: Foul Ball, location: 2F 0-2: Ball 1-2: Ground out 6-3 (Groundball, 6, EV 80.0 MPH)
|
|
Batting: LHB Mitsujiro Tanaka
|
0-0: Ball 1-0: Ball 2-0: Foul Ball, location: 2F 2-1: SINGLE (Groundball, 6M, EV 92.5 MPH) (infield hit)
|
|
Batting: RHB Rafael Reyes
|
0-0: Called Strike 0-1: Ball 1-1: Swinging Strike 1-2: Fly out, F2 (Popup, 25F, EV 88.1 MPH)
|
| Bottom of the 3rd over - 0 runs, 1 hit, 0 errors, 1 left on base; Auburn 0 - Rome 1 |
| TOP OF THE 4TH |
|
Auburn Doubledays batting - Pitching for Rome Braves : LHP Alejandro Rivera
|
|
Batting: RHB Charlie Iacovone
|
0-0: Ball 1-0: Ball 2-0: DOUBLE (Flyball, 78XD, EV 111.2 MPH)
|
|
Batting: SHB Fernando Fundora
|
0-0: Fly out, F7 (Flyball, 7, EV 93.8 MPH)
|
|
Batting: RHB Kenny Ball
|
0-0: Called Strike 0-1: Swinging Strike 0-2: Ball 1-2: Fly out, F7 (Flyball, 78S, EV 87.5 MPH)
|
|
Batting: RHB Luis Vargas
|
0-0: Foul Ball, location: 2F 0-1: Ball 1-1: Swinging Strike 1-2: Ball 2-2: Foul Ball, location: 2F 2-2: Strikes out swinging
|
| Top of the 4th over - 0 runs, 1 hit, 0 errors, 1 left on base; Auburn 0 - Rome 1 |
| BOTTOM OF THE 4TH |
|
Rome Braves batting - Pitching for Auburn Doubledays : RHP Preston Larson
|
|
Pitching: RHP Omar Perez
|
|
|
Batting: RHB Dave Pizarro
|
0-0: Called Strike 0-1: Called Strike 0-2: Ball 1-2: Ball 2-2: Ball 3-2: Foul Ball, location: 2F 3-2: Foul Ball, location: 2F 3-2: Ground out 6-3 (Groundball, 6MS, EV 91.9 MPH)
|
|
Batting: RHB Armando Vazquez
|
0-0: Ball 1-0: Ground out U3 (Groundball, 34S, EV 81.9 MPH)
|
|
Batting: RHB Tony Cabrera
|
0-0: Ball 1-0: Ball 2-0: DOUBLE (Line Drive, 78D, EV 102.5 MPH)
|
|
Batting: RHB Manny Hensley
|
0-0: Ball 1-0: Called Strike 1-1: Ground out 5-3 (Groundball, 15, EV 87.5 MPH)
|
| Bottom of the 4th over - 0 runs, 1 hit, 0 errors, 1 left on base; Auburn 0 - Rome 1 |
| TOP OF THE 5TH |
|
Auburn Doubledays batting - Pitching for Rome Braves : LHP Alejandro Rivera
|
|
Batting: RHB Billy Williamson
|
0-0: Called Strike 0-1: Called Strike 0-2: Strikes out looking
|
|
Batting: RHB Joe Simmelink
|
0-0: Called Strike 0-1: Ball 1-1: Ball 2-1: Ball 3-1: Fly out, F7 (Flyball, 7D, EV 97.5 MPH)
|
|
Batting: RHB Alex Martinez
|
0-0: Called Strike 0-1: Ground out 3-1 (Groundball, 34, EV 92.5 MPH)
|
| Top of the 5th over - 0 runs, 0 hits, 0 errors, 0 left on base; Auburn 0 - Rome 1 |
| BOTTOM OF THE 5TH |
|
Rome Braves batting - Pitching for Auburn Doubledays : RHP Omar Perez
|
|
Batting: LHB Ivan Castillo
|
0-0: Swinging Strike 0-1: Foul Ball, location: 2F 0-2: Strikes out swinging
|
|
Batting: LHB Diego Garcia
|
0-0: Called Strike 0-1: Ball 1-1: Called Strike 1-2: Ball 2-2: Strikes out swinging
|
|
Batting: RHB Gebre-Giorgios Wangondu
|
0-0: Called Strike 0-1: Ball 1-1: Ground out 4-3 (Groundball, 4, EV 85.6 MPH)
|
| Bottom of the 5th over - 0 runs, 0 hits, 0 errors, 0 left on base; Auburn 0 - Rome 1 |
| TOP OF THE 6TH |
|
Auburn Doubledays batting - Pitching for Rome Braves : LHP Alejandro Rivera
|
|
Batting: RHB Qian Tai
|
0-0: Swinging Strike 0-1: Foul Ball, location: 2F 0-2: Foul Ball, location: 2F 0-2: Ground out 1-3 (Groundball, 13S, EV 64.4 MPH)
|
|
Batting: LHB Tony Olvera
|
0-0: Ground out U3 (Groundball, 34S, EV 80.6 MPH)
|
|
Batting: RHB Charlie Iacovone
|
0-0: Called Strike 0-1: Swinging Strike 0-2: Ball 1-2: Ground out 5-3 (Groundball, 5L, EV 82.5 MPH)
|
| Top of the 6th over - 0 runs, 0 hits, 0 errors, 0 left on base; Auburn 0 - Rome 1 |
| BOTTOM OF THE 6TH |
|
Rome Braves batting - Pitching for Auburn Doubledays : RHP Omar Perez
|
|
Batting: LHB Mitsujiro Tanaka
|
0-0: Swinging Strike 0-1: Ground out U3 (Groundball, 3L, EV 91.2 MPH)
|
|
Batting: RHB Rafael Reyes
|
0-0: Called Strike 0-1: Ground out 6-3 (Groundball, 56, EV 86.2 MPH)
|
|
Batting: RHB Dave Pizarro
|
0-0: Ball 1-0: Ball 2-0: Foul Ball, location: 2F 2-1: Called Strike 2-2: Ball 3-2: Base on Balls
|
|
Batting: RHB Armando Vazquez
|
0-0: Ball 1-0: Ball Dave Pizarro steals 2nd base (no throw) 2-0: Foul Ball, location: 2F 2-1: Ball 3-1: Foul Ball, location: 2F 3-2: Foul Ball, location: 2F 3-2: Base on Balls
|
|
Batting: RHB Tony Cabrera
|
0-0: Ball 1-0: Foul Ball, location: 2F 1-1: SINGLE (Groundball, 56S, EV 69.4 MPH) (infield hit) Dave Pizarro to third Armando Vazquez to second
|
|
Batting: RHB Manny Hensley
|
0-0: Called Strike 0-1: Ball 1-1: Called Strike 1-2: Ball 2-2: Ball 3-2: Base on Balls Dave Pizarro scores Armando Vazquez to third Tony Cabrera to second
|
|
Batting: LHB Ivan Castillo
|
0-0: Swinging Strike 0-1: Foul Ball, location: 2F 0-2: Ball 1-2: Strikes out swinging
|
| Bottom of the 6th over - 1 run, 1 hit, 0 errors, 3 left on base; Auburn 0 - Rome 2 |
| TOP OF THE 7TH |
|
Auburn Doubledays batting - Pitching for Rome Braves : LHP Alejandro Rivera
|
|
Batting: SHB Fernando Fundora
|
0-0: Ball 1-0: Called Strike 1-1: Foul Ball, location: 2F 1-2: Ball 2-2: Ball 3-2: Foul Ball, location: 2F 3-2: Base on Balls
|
|
Batting: RHB Kenny Ball
|
0-0: Grounds into double play, 6-4-3 (Groundball, 6, EV 99.4 MPH)
|
|
Batting: RHB Luis Vargas
|
0-0: Called Strike 0-1: Ground out 4-3 (Groundball, 4, EV 87.5 MPH)
|
| Top of the 7th over - 0 runs, 0 hits, 0 errors, 0 left on base; Auburn 0 - Rome 2 |
| BOTTOM OF THE 7TH |
|
Rome Braves batting - Pitching for Auburn Doubledays : RHP Omar Perez
|
|
Pitching: RHP Manny Mendoza
|
|
|
Batting: LHB Diego Garcia
|
0-0: Ball 1-0: Ball 2-0: Ground out 5-3 (Groundball, 56S, EV 70.0 MPH)
|
|
Batting: RHB Gebre-Giorgios Wangondu
|
0-0: Ground out 6-3 (Groundball, 6, EV 78.8 MPH)
|
|
Batting: LHB Mitsujiro Tanaka
|
0-0: Ball 1-0: Ball 2-0: Called Strike 2-1: Reached on error, E6 (Groundball, 6, EV 84.4 MPH)
|
|
Batting: RHB Rafael Reyes
|
0-0: Called Strike 0-1: Ball 1-1: Called Strike Mitsujiro Tanaka is caught stealing 2nd base 2-4
|
| Bottom of the 7th over - 0 runs, 0 hits, 1 error, 0 left on base; Auburn 0 - Rome 2 |
| TOP OF THE 8TH |
|
Auburn Doubledays batting - Pitching for Rome Braves : LHP Alejandro Rivera
|
|
Batting: RHB Billy Williamson
|
0-0: Called Strike 0-1: Ground out 6-3 (Groundball, P, EV 90.0 MPH)
|
|
Batting: RHB Joe Simmelink
|
0-0: Called Strike 0-1: Ball 1-1: Ball 2-1: Called Strike 2-2: Strikes out swinging
|
|
Batting: RHB Alex Martinez
|
0-0: Ball 1-0: Fly out, F8 (Flyball, 89M, EV 83.1 MPH)
|
| Top of the 8th over - 0 runs, 0 hits, 0 errors, 0 left on base; Auburn 0 - Rome 2 |
| BOTTOM OF THE 8TH |
|
Rome Braves batting - Pitching for Auburn Doubledays : RHP Manny Mendoza
|
|
Batting: RHB Rafael Reyes
|
0-0: Ball 1-0: Ball 2-0: Ball 3-0: Called Strike 3-1: Base on Balls
|
|
Batting: RHB Dave Pizarro
|
0-0: Called Strike 0-1: Ball 1-1: Ball Rafael Reyes steals 2nd base 2-1: Called Strike 2-2: Reached on error, E4 (Groundball, 4, EV 97.5 MPH) Rafael Reyes scores
|
|
Batting: RHB Armando Vazquez
|
0-0: Called Strike 0-1: Foul Ball, location: 2F 0-2: Ball 1-2: Foul Ball, location: 2F 1-2: Ball 2-2: Foul Ball, location: 2F 2-2: Ball 3-2: Foul Ball, location: 2F 3-2: Base on Balls
|
|
Pitching: RHP Matt Norris
|
|
|
Batting: RHB Tony Cabrera
|
0-0: Sac Bunt to 2L - play at first, batter OUT! 2-3 Dave Pizarro to third Armando Vazquez to second
|
|
Batting: RHB Manny Hensley
|
0-0: Called Strike 0-1: Called Strike 0-2: Ball 1-2: Strikes out swinging
|
|
Batting: LHB Ivan Castillo
|
0-0: Fly out, F8 (Line Drive, 8LD, EV 91.2 MPH)
|
| Bottom of the 8th over - 1 run, 0 hits, 1 error, 2 left on base; Auburn 0 - Rome 3 |
| TOP OF THE 9TH |
|
Auburn Doubledays batting - Pitching for Rome Braves : LHP Alejandro Rivera
|
|
Pitching: RHP Jason Barber
|
|
|
Batting: RHB Qian Tai
|
0-0: Ball 1-0: Foul Ball, location: 2F 1-1: Foul Ball, location: 2F 1-2: Ball 2-2: Ball 3-2: DOUBLE (Line Drive, 89XD, EV 111.9 MPH)
|
|
Batting: LHB Tony Olvera
|
0-0: Called Strike 0-1: Called Strike 0-2: Strikes out swinging
|
|
Pinch Hitting: LHB Mike Hamilton
|
0-0: Called Strike 0-1: Swinging Strike 0-2: Ball 1-2: Ball 2-2: Ball 3-2: Strikes out swinging
|
|
Batting: SHB Fernando Fundora
|
0-0: Called Strike 0-1: Foul Ball, location: 2F 0-2: Ball 1-2: Strikes out looking
|
| Top of the 9th over - 0 runs, 1 hit, 0 errors, 1 left on base; Auburn 0 - Rome 3 |
|